 Dungeon Crawl Stone Soup version 0.19-a0-1626-g5215c36 (webtiles) character file.

81 Amciq the Chopper (level 4, -3/40 HPs)
             Began as a Hill Orc Monk on Sept 18, 2016.
             Killed from afar by an orc wizard (9 damage)
             ... with a puff of flame
             ... on level 3 of the Dungeon.
             The game lasted 00:04:16 (2243 turns).

Amciq the Chopper (Hill Orc Monk)                   Turns: 2243, Time: 00:04:17

Health: -3/40      AC:  2    Str: 14    XL:     4   Next: 40%
Magic:  4/4        EV: 13    Int: 13    God:
Gold:   116        SH:  0    Dex: 13    Spells: 0 memorised, 3 levels left

rFire  . . .     SeeInvis .     a - +0 hand axe
rCold  . . .     Gourm    +     b - +0 robe
rNeg   . . .     Faith    .     (no shield)
rPois  .         Spirit   .     (no helmet)
rElec  .         Dismiss  .     (no cloak)
rCorr  .         Reflect  .     (no gloves)
MR     .....     Harm     .     (no boots)
Stlth  ++........               f - amulet of the gourmand
                                (no ring)
                                i - +3 ring of intelligence

@: no status effects
A: no striking features
a: no special abilities


You were on level 3 of the Dungeon.
You were full.

You visited 1 branch of the dungeon, and saw 3 of its levels.

You collected 116 gold pieces.

Inventory:

Hand Weapons
 a - a +0 hand axe (weapon)
Armour
 b - a +0 robe (worn)
Jewellery
 f - an amulet of the gourmand (around neck)
 i - a +3 ring of intelligence (left hand)
Scrolls
 d - 2 scrolls of teleportation {unknown}
 e - 3 scrolls of identify {unknown}
 j - a scroll of enchant armour {unknown}
 l - a scroll of magic mapping {unknown}
 n - 2 scrolls of fog {unknown}
 o - a scroll of amnesia {unknown}
Potions
 k - a potion of might {unknown}
 m - 3 potions of curing {unknown}
 q - a potion of brilliance {unknown}
Comestibles
 c - 2 bread rations
 g - a slice of pizza
 h - 2 meat rations


   Skills:
 + Level 4.2 Fighting
 + Level 5.0 Axes
 + Level 1.2 Armour
 + Level 2.7 Dodging
 + Level 2.1 Stealth


You had 3 spell levels left.
You didn't know any spells.

Dungeon Overview and Level Annotations

Branches:
Dungeon (3/15)

Altars:


Message History

You kill the orc!
You hear some strange, mumbled words.
Something tries to affect you, but you resist.
Something hits you.
Things that are here:
a hand axe; an orc corpse; a bat corpse You hit something but do no damage.
Something hits you.
* * * LOW HITPOINT WARNING * * *
You hit something. Something hits you but does no damage.
You miss something. Something hits you.
* * * LOW HITPOINT WARNING * * *
You hit something. Something hits you.
* * * LOW HITPOINT WARNING * * *
You hit something. Something hits you.
* * * LOW HITPOINT WARNING * * *
You hit something.
You hear some strange, mumbled words.
A puff of flame appears from out of thin air!
The puff of flame hits you!
You die...

############# ###
####.....o{@...######.#
##......#######.#......#
........# #.#.####.#
.......o#######.#.# #.#
....#...o.....#.#.# #.#
... #.........#.#.####.#
.. .......)...+..>.....#
#
###.?.......#.#.########
#..###...............#


You could see an orc.

Vanquished Creatures
  3 adders (D:2)
  A worm (D:2)
  A dart slug (D:2)
  An orc (D:3)
  4 bats
  4 giant cockroaches
  4 goblins
  4 hobgoblins
  3 jackals (D:2)
  4 kobolds (D:2)
  2 quokkas (D:2)
  2 frilled lizards (D:2)
  16 rats
49 creatures vanquished.

Notes
Turn   | Place    | Note
-------+----------+-------------------------------------------
     0 | D:1      | Amciq the Hill Orc Monk began the quest for the Orb.
     0 | D:1      | Reached XP level 1. HP: 19/19 MP: 1/1
   110 | D:1      | Reached XP level 2. HP: 18/27 MP: 2/2
   830 | D:2      | Reached XP level 3. HP: 29/33 MP: 3/3
  1382 | D:2      | Reached skill level 1 in Armour
  1382 | D:2      | Reached XP level 4. HP: 28/40 MP: 4/4
  1550 | D:2      | Reached skill level 5 in Axes
  2243 | D:3      | Killed from afar by an orc wizard

Vault maps used:
D:1:      erik_arrival_orb_chamber
D:2:      grunt_decor_resistance
D:3:      first_bread, grunt_ministairs_8, nicolae_qazlal_eye_of_the_storm

Skill      XL: |  1  2  3  4 |
---------------+-------------+-----
Fighting       | 4 |  4.2
Stealth        | 2 |  2.1
Armour         | 1 |  1.2
Axes           | 5 |  5.0
Dodging        | |  2.7

Action                   |  1- 3 |  4- 6 || total
-------------------------+-------+-------++-------
Melee: Hand axe          |   123 |    43 ||   166
 Stab: Sleeping          |     8 |       ||     8
  Eat: Chunk             |    12 |     1 ||    13
Armor: Robe              |    15 |     6 ||    21
Dodge: Dodged            |    79 |    28 ||   107
